2963 views
Uploaded 2020-02-08 04:29:19
Game version 1.32 / 1.32.1
38:31 long 1on1 ladder game on (2)TerenasStand_LV
Saved by BEARAND
2963 views
Uploaded 2020-02-08 04:29:19
Game version 1.32 / 1.32.1
38:31 long 1on1 ladder game on (2)TerenasStand_LV

27 units @ 3.2k
/ 0.3k
157 buildings @ 7k
/ 4k



| Scroll of Regeneration | 4 | 400 |
| Staff of Sanctuary | 3 | 750 |
| Orb of Fire | 2 | 650 |
| Lesser Clarity Potion | 1 | 70 |
| Staff of Teleportation | 3 | 450 |
| Boots of Speed | 3 | 750 |
| Periapt of Vitality | 1 | 325 |
| total: | 17 | 3395g |
| Peasant | 18 | 1350 | / | 0 |
| Priest | 1 | 135 | / | 10 |
| Dragonhawk Rider | 6 | 1200 | / | 180 |
| Sorceress | 1 | 155 | / | 20 |
| Goblin Shredder | 1 | 375 | / | 100 |
| total: | 27 | 3215g | / | 310w |
| Scout Tower | 134 | 4020 | / | 2680 |
| Arcane Tower | 11 | 770 | / | 550 |
| Guard Tower | 59 | 4130 | / | 2950 |
| Altar of Kings | 1 | 180 | / | 50 |
| Farm | 12 | 960 | / | 240 |
| Lumber Mill | 1 | 120 | / | 0 |
| Arcane Vault | 2 | 260 | / | 60 |
| Town Hall | 2 | 770 | / | 410 |
| Blacksmith | 1 | 140 | / | 60 |
| Barracks | 1 | 160 | / | 60 |
| Arcane Sanctum | 1 | 150 | / | 140 |
| Gryphon Aviary | 2 | 280 | / | 300 |
| Keep | 1 | 320 | / | 210 |
| Castle | 1 | 360 | / | 210 |
| total: | 157 | 7040g | / | 4000w |
| 0:01 | Peasant |
| 0:01 | Peasant |
| 0:09 | Altar of Kings |
| 0:14 | Peasant |
| 0:18 | Farm |
| 0:25 | Scout Tower |
| 0:28 | Farm |
| 0:35 | Peasant |
| 0:54 | Peasant |
| 0:54 | Peasant |
| 1:04 | Lumber Mill |
| 1:05 | Peasant |
| 1:28 | Peasant |
| 1:39 | Arcane Tower |
| 1:47 | Peasant |
| 2:06 | Scout Tower |
| 2:06 | Scout Tower |
| 2:10 | Blizzard |
| 2:24 | Peasant |
| 2:24 | Peasant |
| 2:25 | Peasant |
| 2:25 | Peasant |
| 2:29 | Scout Tower |
| 3:14 | Peasant |
| 3:17 | Guard Tower |
| 3:22 | Scout Tower |
| 3:22 | Scout Tower |
| 3:23 | Guard Tower |
| 3:36 | Arcane Vault |
| 3:51 | Brilliance Aura |
| 4:03 | Keep |
| 4:05 | Guard Tower |
| 4:07 | Scout Tower |
| 4:08 | Scout Tower |
| 4:13 | Farm |
| 4:13 | Scout Tower |
| 4:14 | Farm |
| 4:15 | Farm |
| 4:20 | Staff of Teleportation |
| 4:20 | Boots of Speed |
| 4:24 | Guard Tower |
| 4:46 | Guard Tower |
| 5:18 | Guard Tower |
| 5:22 | Scout Tower |
| 5:22 | Scout Tower |
| 5:23 | Scout Tower |
| 5:24 | Scout Tower |
| 5:25 | Scout Tower |
| 5:25 | Scout Tower |
| 5:26 | Scout Tower |
| 5:29 | Improved Masonry |
| 5:47 | Scroll of Regeneration |
| 5:55 | Guard Tower |
| 6:54 | Blizzard |
| 7:04 | Arcane Sanctum |
| 7:08 | Castle |
| 7:08 | Guard Tower |
| 7:20 | Improved Lumber Harvesting |
| 7:45 | Scroll of Regeneration |
| 7:47 | Guard Tower |
| 7:48 | Arcane Tower |
| 8:04 | Storm Bolt |
| 8:09 | Scroll of Regeneration |
| 8:15 | Boots of Speed |
| 8:15 | Staff of Teleportation |
| 8:58 | Town Hall |
| 9:04 | Scout Tower |
| 9:05 | Scout Tower |
| 9:05 | Scout Tower |
| 9:06 | Scout Tower |
| 9:06 | Scout Tower |
| 9:07 | Scout Tower |
| 9:07 | Scout Tower |
| 9:08 | Scout Tower |
| 9:08 | Scout Tower |
| 9:08 | Scout Tower |
| 9:09 | Scout Tower |
| 9:31 | Arcane Tower |
| 9:34 | Peasant |
| 9:36 | Peasant |
| 9:36 | Peasant |
| 9:36 | Peasant |
| 9:53 | Guard Tower |
| 9:57 | Advanced Lumber Harvesting |
| 10:03 | Guard Tower |
| 10:04 | Guard Tower |
| 10:29 | Bash |
| 10:35 | Goblin Shredder |
| 10:48 | Guard Tower |
| 10:56 | Magic Sentry |
| 11:31 | Scroll of Regeneration |
| 11:31 | Staff of Sanctuary |
| 11:36 | Guard Tower |
| 11:59 | Arcane Vault |
| 12:00 | Scout Tower |
| 12:01 | Scout Tower |
| 12:01 | Scout Tower |
| 12:02 | Scout Tower |
| 12:02 | Scout Tower |
| 12:18 | Guard Tower |
| 12:19 | Guard Tower |
| 12:27 | Guard Tower |
| 12:48 | Guard Tower |
| 12:54 | Holy Light |
| 13:03 | Scout Tower |
| 13:03 | Scout Tower |
| 13:04 | Scout Tower |
| 13:04 | Scout Tower |
| 13:05 | Scout Tower |
| 13:06 | Scout Tower |
| 13:06 | Scout Tower |
| 13:07 | Scout Tower |
| 13:07 | Scout Tower |
| 13:29 | Brilliance Aura |
| 13:44 | Guard Tower |
| 13:45 | Guard Tower |
| 13:46 | Advanced Masonry |
| 14:31 | Guard Tower |
| 14:42 | Staff of Sanctuary |
| 14:50 | Guard Tower |
| 14:51 | Priest Adept Training |
| 14:56 | Guard Tower |
| 15:27 | Staff of Sanctuary |
| 15:27 | Orb of Fire |
| 15:29 | Boots of Speed |
| 15:29 | Staff of Teleportation |
| 15:35 | Periapt of Vitality |
| 15:40 | Town Hall |
| 15:46 | Scout Tower |
| 15:46 | Scout Tower |
| 15:47 | Scout Tower |
| 15:47 | Scout Tower |
| 15:48 | Scout Tower |
| 15:48 | Scout Tower |
| 15:48 | Scout Tower |
| 15:49 | Scout Tower |
| 15:50 | Scout Tower |
| 15:50 | Scout Tower |
| 15:50 | Scout Tower |
| 15:51 | Scout Tower |
| 15:51 | Scout Tower |
| 15:52 | Scout Tower |
| 15:53 | Scout Tower |
| 15:55 | Scout Tower |
| 15:55 | Scout Tower |
| 15:56 | Scout Tower |
| 15:56 | Scout Tower |
| 15:57 | Scout Tower |
| 15:58 | Scout Tower |
| 15:58 | Scout Tower |
| 16:01 | Guard Tower |
| 16:37 | Guard Tower |
| 16:38 | Guard Tower |
| 16:44 | Guard Tower |
| 16:54 | Scout Tower |
| 16:54 | Scout Tower |
| 16:55 | Scout Tower |
| 16:55 | Scout Tower |
| 16:55 | Scout Tower |
| 16:56 | Scout Tower |
| 17:27 | Guard Tower |
| 17:43 | Guard Tower |
| 17:59 | Guard Tower |
| 18:10 | Scout Tower |
| 18:11 | Scout Tower |
| 18:12 | Scout Tower |
| 18:13 | Scout Tower |
| 18:13 | Scout Tower |
| 18:14 | Scout Tower |
| 18:14 | Scout Tower |
| 18:15 | Scout Tower |
| 18:15 | Scout Tower |
| 18:24 | Arcane Tower |
| 18:25 | Guard Tower |
| 18:26 | Arcane Tower |
| 19:09 | Arcane Tower |
| 19:45 | Lesser Clarity Potion |
| 19:57 | Priest Master Training |
| 20:32 | Scout Tower |
| 20:32 | Scout Tower |
| 20:33 | Scout Tower |
| 20:33 | Scout Tower |
| 20:33 | Scout Tower |
| 20:39 | Priest |
| 20:41 | Guard Tower |
| 20:48 | Arcane Tower |
| 20:49 | Guard Tower |
| 21:01 | Arcane Tower |
| 21:09 | Guard Tower |
| 21:12 | Scout Tower |
| 21:15 | Orb of Fire |
| 21:18 | Guard Tower |
| 21:21 | Scout Tower |
| 21:21 | Scout Tower |
| 21:22 | Scout Tower |
| 21:22 | Scout Tower |
| 21:23 | Scout Tower |
| 21:23 | Scout Tower |
| 21:24 | Scout Tower |
| 21:24 | Scout Tower |
| 21:25 | Scout Tower |
| 21:55 | Divine Shield |
| 22:40 | Arcane Tower |
| 22:40 | Guard Tower |
| 22:41 | Guard Tower |
| 22:53 | Guard Tower |
| 22:54 | Guard Tower |
| 23:05 | Storm Bolt |
| 24:30 | Guard Tower |
| 24:33 | Gryphon Aviary |
| 24:38 | Blacksmith |
| 24:40 | Barracks |
| 24:47 | Gryphon Aviary |
| 24:53 | Guard Tower |
| 24:57 | Scout Tower |
| 24:59 | Scout Tower |
| 24:59 | Scout Tower |
| 25:00 | Scout Tower |
| 25:01 | Scout Tower |
| 25:55 | Dragonhawk Rider |
| 25:56 | Dragonhawk Rider |
| 25:58 | Studded Leather Armor |
| 25:59 | Guard Tower |
| 26:01 | Guard Tower |
| 26:09 | Dragonhawk Rider |
| 26:35 | Guard Tower |
| 26:48 | Arcane Tower |
| 26:55 | Animal War Training |
| 27:29 | Dragonhawk Rider |
| 27:58 | Dragonhawk Rider |
| 28:10 | Reinforced Leather Armor |
| 29:28 | Scout Tower |
| 29:29 | Scout Tower |
| 29:29 | Scout Tower |
| 29:30 | Scout Tower |
| 29:30 | Scout Tower |
| 29:31 | Scout Tower |
| 29:31 | Scout Tower |
| 29:32 | Scout Tower |
| 29:32 | Scout Tower |
| 29:33 | Scout Tower |
| 29:35 | Scout Tower |
| 30:22 | Guard Tower |
| 30:29 | Dragonhide Armor |
| 30:29 | Iron Forged Swords |
| 30:38 | Guard Tower |
| 30:47 | Scout Tower |
| 30:47 | Scout Tower |
| 30:48 | Scout Tower |
| 30:49 | Scout Tower |
| 30:49 | Scout Tower |
| 30:50 | Scout Tower |
| 30:50 | Scout Tower |
| 30:52 | Scout Tower |
| 30:52 | Scout Tower |
| 30:53 | Scout Tower |
| 31:32 | Guard Tower |
| 31:47 | Cloud |
| 31:54 | Farm |
| 31:54 | Farm |
| 31:55 | Farm |
| 31:56 | Farm |
| 31:56 | Farm |
| 31:59 | Farm |
| 32:00 | Farm |
| 32:17 | Holy Light |
| 32:50 | Dragonhawk Rider |
| 33:33 | Steel Forged Swords |
| 33:47 | Imbued Masonry |
| 34:32 | Guard Tower |
| 35:11 | Guard Tower |
| 35:46 | Scout Tower |
| 35:47 | Scout Tower |
| 35:47 | Scout Tower |
| 35:49 | Scout Tower |
| 35:50 | Scout Tower |
| 35:50 | Scout Tower |
| 35:51 | Scout Tower |
| 35:52 | Scout Tower |
| 35:53 | Scout Tower |
| 35:54 | Scout Tower |
| 35:55 | Scout Tower |
| 35:55 | Scout Tower |
| 35:56 | Scout Tower |
| 35:56 | Scout Tower |
| 35:57 | Scout Tower |
| 36:26 | Bash |
| 36:56 | Arcane Tower |
| 36:56 | Guard Tower |
| 37:01 | Sorceress |
| 37:02 | Sorceress Adept Training |
| 37:19 | Guard Tower |
| 38:20 | Brilliance Aura |
| Right click | 3774 |
| Select | 922 |
| Select group | 838 |
| Chat | 258 |
| Build/train/purchase | 233 |
| Use ability | 128 |
| Assign group | 30 |
| Misc. action | 17 |
| Item give/drop | 14 |
| Remove unit | 5 |
52 units @ 11.8k
/ 2.8k
21 buildings @ 3.2k
/ 1.6k


| Orb of Corruption | 1 | 375 |
| total: | 1 | 375g |
| Acolyte | 13 | 975 | / | 0 |
| Ghoul | 4 | 480 | / | 0 |
| Crypt Fiend | 8 | 1720 | / | 320 |
| Abomination | 3 | 720 | / | 210 |
| Obsidian Statue | 3 | 600 | / | 105 |
| Meat Wagon | 5 | 1150 | / | 250 |
| Frost Wyrm | 16 | 6160 | / | 1920 |
| total: | 52 | 11805g | / | 2805w |
| Altar of Darkness | 1 | 180 | / | 50 |
| Crypt | 2 | 400 | / | 100 |
| Ziggurat | 9 | 1350 | / | 450 |
| Graveyard | 2 | 430 | / | 0 |
| Tomb of Relics | 1 | 130 | / | 30 |
| Slaughterhouse | 1 | 140 | / | 135 |
| Sacrificial Pit | 3 | 225 | / | 450 |
| Boneyard | 2 | 350 | / | 400 |
| Halls of the Dead | 1 | 320 | / | 210 |
| Black Citadel | 1 | 325 | / | 230 |
| total: | 21 | 3205g | / | 1615w |
| 0:09 | Acolyte |
| 0:19 | Altar of Darkness |
| 0:27 | Crypt |
| 0:30 | Acolyte |
| 0:41 | Ziggurat |
| 1:02 | Graveyard |
| 1:08 | Graveyard |
| 1:12 | Acolyte |
| 1:29 | Ghoul |
| 1:39 | Ghoul |
| 1:57 | Ziggurat |
| 2:04 | Ghoul |
| 2:19 | Ghoul |
| 2:33 | Unholy Aura |
| 2:56 | Halls of the Dead |
| 3:16 | Crypt Fiend |
| 3:29 | Crypt Fiend |
| 3:51 | Crypt Fiend |
| 4:01 | Ziggurat |
| 4:07 | Creature Attack |
| 4:25 | Crypt Fiend |
| 4:31 | Creature Carapace |
| 5:19 | Crypt Fiend |
| 5:20 | Web |
| 5:36 | Crypt |
| 5:55 | Death Coil |
| 6:37 | Ziggurat |
| 6:43 | Burrow |
| 7:33 | Crypt Fiend |
| 7:43 | Frost Armor |
| 7:46 | Improved Creature Attack |
| 7:51 | Black Citadel |
| 8:56 | Crypt Fiend |
| 9:02 | Slaughterhouse |
| 9:08 | Ziggurat |
| 9:14 | Unholy Aura |
| 9:18 | Crypt Fiend |
| 9:25 | Tomb of Relics |
| 9:44 | Unholy Strength |
| 9:46 | Improved Creature Carapace |
| 10:17 | Frost Nova |
| 10:58 | Disease Cloud |
| 10:59 | Abomination |
| 11:00 | Abomination |
| 11:01 | Abomination |
| 11:09 | Sacrificial Pit |
| 11:13 | Sacrificial Pit |
| 11:34 | Death Coil |
| 11:51 | Ziggurat |
| 11:54 | Improved Unholy Strength |
| 12:54 | Obsidian Statue |
| 12:55 | Obsidian Statue |
| 13:03 | Unholy Armor |
| 14:37 | Obsidian Statue |
| 14:38 | Meat Wagon |
| 14:39 | Meat Wagon |
| 14:40 | Meat Wagon |
| 14:41 | Meat Wagon |
| 14:58 | Frost Nova |
| 15:26 | Ziggurat |
| 15:30 | Ziggurat |
| 15:41 | Acolyte |
| 15:42 | Acolyte |
| 20:35 | Meat Wagon |
| 20:51 | Destroyer Form |
| 21:06 | Acolyte |
| 21:06 | Acolyte |
| 21:06 | Acolyte |
| 21:06 | Acolyte |
| 21:07 | Acolyte |
| 21:13 | Sacrificial Pit |
| 21:24 | Boneyard |
| 22:06 | Boneyard |
| 22:46 | Freezing Breath |
| 22:47 | Frost Wyrm |
| 23:02 | Frost Wyrm |
| 23:14 | Advanced Creature Attack |
| 23:35 | Frost Wyrm |
| 24:08 | Acolyte |
| 24:33 | Frost Wyrm |
| 24:49 | Ziggurat |
| 25:27 | Frost Wyrm |
| 25:48 | Frost Wyrm |
| 27:34 | Frost Wyrm |
| 27:49 | Frost Wyrm |
| 28:12 | Advanced Creature Carapace |
| 28:56 | Frost Wyrm |
| 29:03 | Frost Wyrm |
| 29:56 | Frost Wyrm |
| 33:28 | Frost Wyrm |
| 33:39 | Frost Wyrm |
| 33:49 | Frost Wyrm |
| 35:06 | Orb of Corruption |
| 35:19 | Frost Wyrm |
| 35:46 | Frost Wyrm |
| 36:24 | Acolyte |
| 36:26 | Acolyte |
| Right click | 1884 |
| Select | 553 |
| Chat | 328 |
| Build/train/purchase | 90 |
| Misc. action | 37 |
| Use ability | 34 |
| Select group | 33 |
| Assign group | 8 |
| Remove unit | 4 |
| Item give/drop | 1 |